 Dungeon Crawl Stone Soup version 0.30-a0-1082-g70414cbcbb (webtiles) character file.

Game seed: 50153964657309507

22997 quinnr the Zephyrmancer (level 13, -3/117 HPs)
             Began as a Tengu Air Elementalist on Apr 15, 2023.
             Was a High Priest of Vehumet.
             Slain by a yak (8 damage)
             ... led by a torpor snail
             ... on level 4 of the Lair of Beasts.
             The game lasted 00:38:04 (18090 turns).

quinnr the Zephyrmancer (Tengu Air Elementalist)   Turns: 18090, Time: 00:38:04

Health: -3/117     AC: 26    Str:  8    XL:     13   Next: 3%
Magic:  6/26       EV:  2    Int: 20    God:    Vehumet [*****.]
Gold:   910        SH:  0    Dex: 16    Spells: 14/28 levels left

rFire   . . .      SeeInvis .    p - staff of air {!a}
rCold   + . .      Faith    .    (no shield)
rNeg    . . .      Spirit   .    F - melded +2 robe {rF+}
rPois   +          Reflect  .    y - melded +2 hat
rElec   +          Rampage  .    l - melded +0 cloak
rCorr   .          NoTele   +    w - melded +1 Delatra's gloves {ID++}
Will    .....                    (boots unavailable)
Stlth   +++                      (no amulet)
HPRegen 0.39/turn                C - ring of protection from cold
MPRegen 0.20/turn                E - +5 ring of evasion

@: tree-form
A: stationary, stasis, torment immunity, boosted hp, (beak), (talons 3), nimble
flight
a: Renounce Religion


You were on level 4 of the Lair of Beasts.
You worshipped Vehumet.
Vehumet was extremely pleased with you.
You were a tree.
You visited 4 branches of the dungeon, and saw 16 of its levels.
You also visited: Sewer.

You collected 1027 gold pieces.
You spent 117 gold pieces at shops.


Innate Abilities, Weirdness & Mutations

You are a tree.
Your roots penetrate the ground, keeping you stationary.
You cannot be teleported.
You are immune to unholy pain and torment.
Your maximum health is greatly increased.
Your equipment is partially melded.
((You have a beak for a mouth.))
((You have claws for feet.))
Your magical nature lets you fly swiftly and evasively.


   Skills:
 - Level 8.0 Fighting
 - Level 9.0 Dodging
 - Level 5.0 Stealth
 + Level 8.0 Spellcasting
 - Level 11.0 Conjurations
 - Level 3.0 Translocations
 - Level 7.0 Ice Magic
 - Level 12.0 Air Magic
 - Level 6.0 Evocations


You had 14 spell levels left.
You knew the following spells:

 Your Spells              Type           Power      Damage    Failure   Level
a - Airstrike             Air            35%        2d(6-22)  1%          4
f - Freezing Cloud        Conj/Ice/Air   32%        6-21      1%          5
t - Static Discharge      Conj/Air       100%       2-7/arc   1%          2
z - Shock                 Conj/Air       100%       1d9       1%          1
B - Blink                 Tloc           40%        N/A       3%          2

Your spell library contained the following spells:

 Spells                   Type           Power      Damage    Failure   Level
 Spellforged Servitor     Conj/Summ      15%        N/A       85%         7
 Momentum Strike          Conj/Tloc      72%        3d10      1%          2
 Swiftness                Air            71%        N/A       1%          3
 Cigotuvi's Dreadful Rot  Necr/Pois/Air  72%        N/A       2%          2
 Flame Wave               Conj/Fire      30%        2d9       2%          4
 Sticky Flame             Conj/Fire      30%        2d5       2%          4
 Ensorcelled Hibernation  Hex/Ice        44%        N/A       3%          2
 Lesser Beckoning         Tloc           40%        N/A       3%          2
 Scorch                   Fire           16%        2d5       3%          2
 Ignite Poison            Fire/Tmut/Pois 8%         N/A       7%          3
 Inner Flame              Hex/Fire       8%         N/A       7%          3
 Irradiate                Conj/Tmut      15%        3d16      7%          5
 Gell's Gravitas          Tloc           20%        N/A       8%          3
 Teleport Other           Tloc           20%        N/A       8%          3
 Slow                     Hex            32%        N/A       9%          1
 Confusing Touch          Hex            8%         N/A       26%         3
 Spider Form              Tmut/Pois      8%         N/A       26%         3
 Vampiric Draining        Necr           8%         2d6       26%         3
 Metabolic Englaciation   Hex/Ice        11%        N/A       50%         5
 Anguish                  Hex/Necr       4%         N/A       63%         4
 Petrify                  Tmut/Erth      8%         N/A       63%         4
 Blade Hands              Tmut           4%         N/A       93%         5
 Statue Form              Tmut/Erth      5%         N/A       100%        6
 Summon Cactus Giant      Summ           4%         N/A       100%        6
 Dragon Form              Tmut           4%         N/A       100%        7

Inventory:

Hand Weapons
 j - the +5 short sword "Lyonwuos" {vamp, rPois}
   (You took it off an orc on level 3 of the Dungeon)

   rPois:     It protects you from poison.
Missiles
 q - 2 throwing nets {=f}
Armour
 a - a +0 robe
 l - a +0 cloak (melded)
 w - the +1 Delatra's gloves (melded) {ID++}
   (You found it on level 6 of the Dungeon)

   ID++:      It heals its wearer when they drink unknown potions, and restores
   their MP when they read unknown scrolls.
 y - a +2 hat (melded)
 B - a +2 robe of positive energy
 F - a +2 robe of fire resistance (melded)
Magical Staves
 p - a staff of air (weapon) {!a}
 H - a staff of fire {!a}
Jewellery
 C - a ring of protection from cold (left branch)
 E - a +5 ring of evasion (right branch)
Wands
 n - a wand of polymorph (5)
 J - a wand of flame (7)
Scrolls
 e - 2 scrolls of fog
 h - 4 scrolls of enchant weapon
 i - a scroll of butterflies {unknown}
 m - 7 scrolls of teleportation {@r2}
 o - a scroll of torment
 t - 2 scrolls of silence {unknown}
 z - 4 scrolls of enchant armour {unknown}
 A - 2 scrolls of brand weapon {unknown}
 D - a scroll of identify {@r1}
 G - a scroll of magic mapping {unknown}
 I - a scroll of blinking {unknown}
Potions
 b - a potion of magic
 c - 2 potions of attraction
 d - a potion of haste {@q3}
 f - 9 potions of curing {@q1}
 g - 2 potions of might
 k - 5 potions of heal wounds {@q2}
 r - a potion of lignification
 s - a potion of resistance
 u - 2 potions of flight
 v - a potion of brilliance {unknown}
 x - a potion of mutation

Dungeon Overview and Level Annotations

Branches:
Dungeon (10/15)            Temple (1/1) D:4            Lair (4/5) D:9
  Snake (0/4) Lair:2          Orc (1/2) D:9           Sewer (visited)
  Swamp: Lair:2-3    Shoals: Lair:2-3     Slime: Lair:4-5

Altars:
Ashenzari
Cheibriados
Dithmenos
Elyvilon
Fedhas
Gozag
Hepliaklqana
Kikubaaqudgha
Makhleb
Nemelex Xobeh
Qazlal
Ru
Sif Muna
Trog
Uskayaw
Vehumet
Wu Jian
Xom
Yredelemnul
Zin
The Shining One

Shops:
D:2 (   D:4 ?   D:6 *

Annotations:
D:5 Eustachio, Grinder
Lair:2 exclusion: skyshark

#......#............
#......P.#......)...
##.........###......÷
##..........####.....÷
###...........##........
#P......................
#.................###..
##....Y..........### #..
#.....†♣..........# #..
##.....>........### ...
#...<...........# #...
#....†...........# .(
##..............##
#.............##
#..............#
##............##
#..............#


You could see a yak.


Message History

Vehumet accepts your kill.
You feel your power returning.
The torpor snail is struck by an arc of lightning.
The torpor snail is almost dead.
The lightning grounds out.
You feel yourself speed up. The yak gores you.
* * * LOW HITPOINT WARNING * * *
The torpor snail bites you!
* * * LOW HITPOINT WARNING * * *
Being near the torpor snail leaves you feeling lethargic.
Your Spellcasting skill increases to level 8!
Unknown command.
Unknown command.
Casting: Static Discharge (safe; 1% risk of failure)
Confirm with . or Enter, or press ? or * to list all spells.
You feel a surge of power!
The torpor snail is struck by an arc of lightning.
The torpor snail is almost dead.
You resist.
You are struck by an arc of lightning.
The yak is struck by an arc of lightning.
The yak is severely wounded.
The torpor snail is struck by an arc of lightning.
You kill the torpor snail!
Vehumet accepts your kill.
You feel your power returning. You resist.
You are struck by an arc of lightning.
You feel yourself speed up. The yak gores you but does no damage.
The yak gores you!
You die...

Skill      XL: |  1  2  3  4  5  6  7  8  9 10 11 12 13 |
---------------+----------------------------------------+-----
Air Magic      | 5 9 12 | 12.0
Conjurations   | 2 3 4 5 7 9 11 | 11.0
Stealth        | 3 4 5 |  5.0
Translocations | 1 3 |  3.0
Fighting       | 1 3 5 7 8 |  8.0
Spellcasting   | 3 5 6 7 8 |  8.0
Ice Magic      | 2 3 5 7 |  7.0
Dodging        | 5 7 9 |  9.0
Evocations     | 6 |  6.0

Action                     |  1- 3 |  4- 6 |  7- 9 | 10-12 | 13-15 || total
---------------------------+-------+-------+-------+-------+-------++-------
  Melee: Unarmed           |       |    11 |       |       |       ||    11
         Kick              |       |     5 |     1 |    13 |       ||    19
         Peck              |       |     2 |     1 |     5 |       ||     8
         Short sword       |       |     3 |     9 |       |       ||    12
         Staff             |       |       |     2 |    22 |       ||    24
   Cast: Shock             |    49 |   102 |   198 |   147 |       ||   496
         Blink             |       |     5 |     2 |     7 |     1 ||    15
         Static Discharge  |       |       |    40 |    38 |    10 ||    88
         Airstrike         |       |       |    15 |   185 |     3 ||   203
         Freezing Cloud    |       |       |     1 |    19 |       ||    20
  Evoke: Wand              |       |       |     2 |     9 |       ||    11
    Use: Potion            |       |     2 |       |     4 |     1 ||     7
         Scroll            |       |       |     9 |     5 |       ||    14
 Armour: Robe              |     1 |     3 |     8 |    12 |     1 ||    25
         Skin              |       |       |       |       |    21 ||    21
  Dodge: Dodged            |     2 |    23 |    69 |   110 |    13 ||   217

Levels and vault maps discovered:
D:1:      saegor_arrival_simple_d, layout_basic
D:2:      minmay_spotlight, layout_rooms, serial_shops, shop,
          dreamdust_ecumenical_altar_statues, basic_altar, wad_orctagon,
          uniq_jessica
D:3:      layout_loops_corners, hangedman_decor_clover_reticule
D:4:      layout_rooms, nicolae_overflow_hallway_of_the_gods,
          minmay_temple_entry_gardened_gates, serial_shops, shop, uniq_pikel
D:5:      layout_rooms, grunt_ministairs_14, mrwooster_statue_mirror,
          minmay_misc_feat_pillars, eino_tiny_chamber, uniq_eustachio,
          uniq_grinder
D:6:      layout_gridville, mainiacjoe_overflow_cross_hatched, serial_shops,
          nicolae_shop_tiny_glass, gup_sewer_entry_bubbles, uniq_sigmund
D:7:      layout_rooms, uniq_maggie
D:8:      layout_loops_ring
D:9:      layout_big_octagon, due_lair_maze_entry_diamond, erik_orc_2
D:10:     layout_gridville, mainiacjoe_overflow_surrounded_room, serial_shops,
          shop, minmay_puff, uniq_nergalle, uniq_maurice
Temple:   hellmonk_temple_flake
Lair:1:   lemuel_slime, layout_regular_city, grunt_megastairs_5,
          infiniplex_staircase_pool
Lair:2:   nzn_winding_woodlands_huge [nzn_winding_woodlands_5x15_eye,
          nzn_winding_woodlands_5x15_jagged,
          nzn_winding_woodlands_5x15_sidewinder,
          nzn_winding_woodlands_5x15_longhouse,
          nzn_winding_woodlands_5x15_lazy_stream,
          nzn_winding_woodlands_5x15_crooked, nzn_winding_woodlands_5x15_garden,
          nzn_winding_woodlands_5x15_zeroes,
          nzn_winding_woodlands_5x15_pathside_ponds,
          nzn_winding_woodlands_5x15_river_crossing,
          nzn_winding_woodlands_center_diamonds,
          nzn_winding_woodlands_center_garden,
          nzn_winding_woodlands_15x15_five_gardens], layout_layer_cave
Lair:3:   layout_cellular_growth, minmay_shoals_entry_lonely_mermaid,
          pdpol_lair_cabin_in_the_woods
Lair:4:   layout_cave_pods
Orc:1:    layout_caves

Notes
Turn   | Place    | Note
-------+----------+-------------------------------------------
     0 | D:1      | quinnr the Tengu Air Elementalist began the quest for the
                  | Orb.
     0 | D:1      | Reached XP level 1. HP: 10/10 MP: 4/4
   243 | D:1      | Reached XP level 2. HP: 15/15 MP: 4/6
   396 | D:1      | Reached skill level 5 in Air Magic
   990 | D:1      | Reached XP level 3. HP: 19/19 MP: 2/7
  1086 | D:1      | Reached skill level 2 in Conjurations
  1513 | D:2      | Noticed Jessica
  1513 | D:2      | Found a hazy altar of Hepliaklqana.
  1517 | D:2      | Killed Jessica
  1518 | D:2      | Reached XP level 4. HP: 24/24 MP: 3/8
  1663 | D:3      | Reached skill level 3 in Stealth
  1669 | D:3      | Reached skill level 3 in Conjurations
  1910 | D:2      | Found a faded altar of an unknown god.
  2160 | D:2      | Learned a level 2 spell: Blink
  2203 | D:2      | Gained mutation: Your magical nature lets you fly swiftly
                  | and evasively. [Tengu growth]
  2203 | D:2      | Reached XP level 5. HP: 11/28 MP: 7/9
  2565 | D:2      | Found Futi's Weapon Emporium.
  2753 | D:3      | Reached skill level 1 in Translocations
  2835 | D:3      | Identified the +5 short sword "Lyonwuos" {vamp, rPois}
  3146 | D:3      | Reached skill level 4 in Conjurations
  3602 | D:3      | Learned a level 5 spell: Freezing Cloud
  3695 | D:4      | Noticed a black bear
  3895 | D:4      | Noticed a lemure
  3897 | D:4      | Noticed Pikel
  3899 | D:4      | Reached skill level 4 in Stealth
  3899 | D:4      | Reached XP level 6. HP: 32/32 MP: 3/10
  4265 | D:3      | Killed Pikel
  4266 | D:3      | Reached skill level 5 in Conjurations
  4266 | D:3      | Reached skill level 3 in Translocations
  4266 | D:3      | Reached skill level 1 in Fighting
  4266 | D:3      | Reached skill level 3 in Spellcasting
  4266 | D:3      | Reached skill level 2 in Ice Magic
  4266 | D:3      | Reached XP level 7. HP: 15/38 MP: 0/12
  4378 | D:4      | Found a staircase to the Ecumenical Temple.
  4462 | D:4      | Found Xutraz's Magic Scroll Shoppe.
  4491 | D:4      | Bought a scroll of identify for 26 gold pieces
  4491 | D:4      | Bought a scroll of teleportation for 39 gold pieces
  4491 | D:4      | Bought a scroll of vulnerability for 52 gold pieces
  4561 | Temple   | Entered the Ecumenical Temple
  4787 | D:4      | Found a basalt altar of Yredelemnul.
  4788 | D:4      | Found a hide-covered altar of Uskayaw.
  4792 | D:4      | Found an ancient bone altar of Kikubaaqudgha.
  4799 | D:4      | Found a shadowy altar of Dithmenos.
  4803 | D:4      | Found a hazy altar of Hepliaklqana.
  4803 | D:4      | Found a glowing golden altar of the Shining One.
  4805 | D:4      | Found a radiant altar of Vehumet.
  4809 | D:4      | Found a blossoming altar of Fedhas.
  4812 | D:4      | Became a worshipper of Vehumet
  4851 | D:5      | Entered Level 5 of the Dungeon
  4957 | D:5      | Reached skill level 3 in Ice Magic
  4999 | D:5      | Identified the +7 hand axe of the Telling Boar {flame,
                  | *Noise rC+ Will+ Str+3}
  5048 | D:5      | Learned a level 2 spell: Static Discharge
  5229 | D:5      | Reached XP level 8. HP: 43/43 MP: 9/14
  5324 | D:5      | Reached skill level 6 in Air Magic
  5488 | D:5      | Reached skill level 4 in Spellcasting
  5625 | D:5      | Noticed Eustachio
  5625 | D:5      | Noticed Grinder
  5686 | D:6      | Reached * piety under Vehumet
  5686 | D:6      | Offered knowledge of Sandblast by Vehumet.
  5844 | D:6      | Reached skill level 7 in Air Magic
  6302 | D:6      | Reached skill level 5 in Spellcasting
  6390 | D:6      | Found a glowing drain.
  6452 | Sewer    | Entered a sewer
  6496 | Sewer    | Reached skill level 8 in Air Magic
  6626 | D:6      | Noticed Sigmund
  6628 | D:6      | Sigmund changed into Sigmund the endoplasm
  6628 | D:6      | Noticed Sigmund
  6629 | D:6      | Killed Sigmund the endoplasm
  6891 | D:6      | Found Ilehuula's General Store.
  6927 | D:6      | Reached skill level 9 in Air Magic
  7079 | D:6      | Reached XP level 9. HP: 47/47 MP: 12/17
  7215 | D:6      | Found the +1 Delatra's gloves {ID++}
  7286 | D:6      | Learned a level 4 spell: Airstrike
  7325 | D:6      | Reached ** piety under Vehumet
  7375 | D:6      | Reached skill level 2 in Fighting
  7375 | D:6      | Reached skill level 3 in Dodging
  7471 | D:6      | Found a broken altar of Ashenzari.
  7829 | D:6      | Reached skill level 6 in Conjurations
  8128 | D:7      | Reached skill level 5 in Stealth
  8195 | D:7      | Offered knowledge of Freeze by Vehumet.
  8200 | D:7      | Reached skill level 3 in Fighting
  8200 | D:7      | Reached skill level 4 in Ice Magic
  8214 | D:7      | Reached skill level 4 in Dodging
  8235 | D:7      | Noticed Maggie
  8320 | D:7      | Killed Maggie
  8436 | D:7      | Reached skill level 7 in Conjurations
  8554 | D:7      | Reached skill level 5 in Dodging
  8643 | D:7      | Reached skill level 5 in Ice Magic
  8738 | D:7      | Reached XP level 10. HP: 56/56 MP: 9/18
  9064 | D:7      | Reached skill level 6 in Dodging
  9284 | D:8      | Offered knowledge of Mephitic Cloud by Vehumet.
  9472 | D:8      | Reached skill level 10 in Air Magic
  9552 | D:8      | Noticed a boulder beetle
  9863 | D:9      | Reached skill level 6 in Spellcasting
  9880 | D:10     | Entered Level 10 of the Dungeon
 10131 | D:10     | Noticed Nergalle
 10139 | D:10     | Killed Nergalle
 10140 | D:10     | Reached skill level 7 in Dodging
 10140 | D:10     | Reached skill level 11 in Air Magic
 10378 | D:9      | Reached *** piety under Vehumet
 10683 | D:9      | Offered knowledge of Sticky Flame by Vehumet.
 10684 | D:9      | Reached skill level 12 in Air Magic
 10973 | D:9      | Reached skill level 4 in Fighting
 11124 | D:9      | Found a staircase to the Lair.
 11138 | D:9      | Reached skill level 5 in Fighting
 11138 | D:9      | Reached XP level 11. HP: 63/63 MP: 5/21
 11528 | D:9      | Reached skill level 6 in Fighting
 11889 | D:9      | Found a staircase to the Orcish Mines.
 11892 | D:9      | Reached **** piety under Vehumet
 11934 | Orc:1    | Entered Level 1 of the Orcish Mines
 12168 | Orc:1    | Noticed an orc knight
 12447 | D:9      | Offered knowledge of Frozen Ramparts by Vehumet.
 12575 | D:9      | Killed an orc knight
 12576 | D:9      | Reached skill level 8 in Conjurations
 12963 | D:9      | Reached skill level 6 in Ice Magic
 13373 | Orc:1    | Noticed an orc sorcerer
 13375 | Orc:1    | Killed an orc sorcerer
 13613 | Lair:1   | Entered Level 1 of the Lair of Beasts
 13636 | Lair:1   | Reached skill level 9 in Conjurations
 13957 | Lair:1   | Reached skill level 7 in Ice Magic
 14106 | Lair:1   | Noticed a death yak
 14107 | Lair:1   | Noticed a death yak
 14114 | Lair:1   | Killed a death yak
 14454 | Lair:1   | Reached skill level 7 in Fighting
 14599 | Lair:1   | Noticed a death yak
 14602 | Lair:1   | Noticed a death yak
 14609 | Lair:1   | Killed a death yak
 14610 | Lair:1   | Reached skill level 7 in Spellcasting
 14610 | Lair:1   | Killed a death yak
 14611 | Lair:1   | Reached XP level 12. HP: 46/73 MP: 10/23
 14612 | Lair:1   | Killed a death yak
 14613 | Lair:1   | Reached skill level 8 in Fighting
 14613 | Lair:1   | Reached skill level 1 in Evocations
 14926 | Lair:1   | Reached skill level 2 in Evocations
 15051 | Lair:1   | Reached skill level 10 in Conjurations
 15051 | Lair:1   | Reached skill level 3 in Evocations
 15272 | Lair:2   | Noticed a skyshark
 16103 | D:8      | Killed a boulder beetle
 16104 | D:8      | Reached skill level 4 in Evocations
 16552 | Lair:2   | Found a staircase to the Snake Pit.
 16611 | Lair:2   | Noticed a boulder beetle
 16641 | Lair:2   | Killed a boulder beetle
 16849 | Lair:2   | Reached skill level 11 in Conjurations
 17083 | Lair:2   | Reached skill level 5 in Evocations
 17095 | Lair:2   | Reached ***** piety under Vehumet
 17256 | Lair:2   | Offered knowledge of Spellforged Servitor by Vehumet.
 17763 | Lair:2   | You are sucked into a shaft and drop 2 floors!
 17763 | Lair:4   | Noticed a death yak
 17763 | Lair:4   | Noticed a death yak
 17763 | Lair:4   | Noticed a death yak
 17763 | Lair:4   | Noticed a death yak
 17763 | Lair:4   | Noticed a death yak
 17786 | Lair:4   | Killed a death yak
 17786 | Lair:4   | Killed a death yak
 17787 | Lair:4   | Reached skill level 8 in Dodging
 17787 | Lair:4   | Reached skill level 6 in Evocations
 17792 | Lair:4   | Killed a death yak
 17794 | Lair:4   | Killed a death yak
 17795 | Lair:4   | Reached skill level 9 in Dodging
 17800 | Lair:4   | Killed a death yak
 17989 | Lair:4   | Identified a potion of resistance
 18001 | Lair:4   | Reached XP level 13. HP: 78/78 MP: 17/25
 18089 | Lair:4   | HP: 5/117 [torpor snail (16)]
 18090 | Lair:4   | Reached skill level 8 in Spellcasting
 18090 | Lair:4   | Slain by a yak

Vanquished Creatures
  2 boulder beetles
  9 death yaks
  Nergalle (D:10)
  An orc knight (D:9)
  Pikel (D:3)
  An oklob plant (Lair:1)
  An orc sorcerer (Orc:1)
  A torpor snail (Lair:4)
  Maggie (D:7)
  2 cane toads (Lair:2)
  A rime drake (Lair:1)
  4 komodo dragons
  3 trolls (D:9)
  5 blink frogs (Lair:1)
  25 yaks
  A basilisk (Lair:1)
  3 wyverns
  3 steam dragons
  2 vampire mosquitoes (D:9)
  10 water moccasins
  12 orc warriors
  5 black bears
  An ice beast (Lair:2)
  A sky beast (D:6)
  A centaur (D:7)
  A lemure (D:3)
  A phantom (D:5)
  8 bullfrogs
  4 scorpions
  13 wights
  5 killer bees
  4 howler monkeys
  2 electric eels (D:9)
  9 orc priests
  2 hounds
  8 jellies
  A sleepcap (D:6)
  Jessica (D:2)
  A gnoll bouda (D:5)
  3 iguanas (D:6)
  9 orc wizards
  A hell rat (Sewer)
  13 gnolls
  6 adders
  2 river rats (D:6)
  A shadow imp (D:7)
  3 ufetubi (D:5)
  2 dart slugs
  53 orcs
  7 ball pythons
  25 endoplasms
  4 giant cockroaches
  5 goblins
  2 hobgoblins
  9 quokkas
  8 bats
  4 frilled lizards
  8 kobolds
  12 rats
334 creatures vanquished.

Vanquished Creatures (others)
  51 fungi
  43 plants
94 creatures vanquished.

Grand Total: 428 creatures vanquished

Table legend: (Time is in decaauts)
 A = Elapsed time spent in this place.
 B = Non-inter-level travel time spent in this place.
 C = Inter-level travel time spent in this place.
 D = Time resting spent in this place.
 E = Time spent auto-exploring this place.
 F = Levels seen in this place.
 G = Mean time per level.
                   A        B        C        D        E       F      G
               +--------+--------+--------+--------+--------+-----+--------+
         Total |  17505 |  16594 |    911 |   4531 |   9600 |  17 | 1029.7 |
       Dungeon |  13398 |  12703 |    695 |   3478 |   7303 |  10 | 1339.8 |
        Temple |    143 |    134 |      9 |      0 |    122 |   1 |  143.0 |
          Lair |   3421 |   3241 |    180 |    940 |   1876 |   4 |  855.2 |
  Orcish Mines |    440 |    414 |     26 |    101 |    230 |   1 |  440.0 |
         Sewer |    101 |    101 |      0 |     11 |     67 |   1 |  101.0 |
               +--------+--------+--------+--------+--------+-----+--------+

Top non-repeatable levels by time:
     D:9: 3293 daAuts
     D:6: 2492 daAuts
     D:3: 1603 daAuts
  Lair:1: 1597 daAuts
     D:1: 1555 daAuts
  Lair:2: 1487 daAuts
     D:7: 1165 daAuts
     D:2: 952 daAuts
     D:8: 808 daAuts
     D:5: 787 daAuts
     D:4: 448 daAuts
   Orc:1: 440 daAuts
  Lair:4: 331 daAuts
    D:10: 291 daAuts
  Temple: 143 daAuts

Table legend:
 A = Non-vault XP
 B = Vault XP
 C = Vault XP percentage of total XP
 D = Non-vault monster count
 E = Vault monster count
 F = Vault count percentage of total count
                 A         B        C        D         E       F
            +---------+---------+-------+---------+---------+-------
      Total |   26390 |    6909 |  20.7 |     245 |      88 |  26.4
            +---------+---------+-------+---------+---------+-------
        D:1 |      47 |       0 |   0.0 |      27 |       0 |   0.0
        D:2 |      72 |      55 |  43.3 |      15 |       9 |  37.5
        D:3 |      91 |     593 |  86.7 |      21 |       1 |   4.5
        D:4 |      71 |       0 |   0.0 |      11 |       0 |   0.0
        D:5 |     554 |       0 |   0.0 |      16 |       0 |   0.0
        D:6 |    1833 |      38 |   2.0 |      34 |       8 |  19.0
        D:7 |    2033 |     409 |  16.7 |      20 |       1 |   4.8
        D:8 |    1315 |       0 |   0.0 |      11 |       0 |   0.0
        D:9 |    2994 |    2499 |  45.5 |      31 |      32 |  50.8
       D:10 |       0 |     781 | 100.0 |       0 |       1 | 100.0
     Lair:1 |    6685 |    1699 |  20.3 |      19 |      26 |  57.8
     Lair:2 |    4279 |     800 |  15.8 |      17 |       5 |  22.7
     Lair:4 |    5454 |       0 |   0.0 |      11 |       0 |   0.0
      Orc:1 |     962 |       0 |   0.0 |      12 |       0 |   0.0
      Sewer |       0 |      35 | 100.0 |       0 |       5 | 100.0
            +---------+---------+-------+---------+---------+-------
